 Dungeon Crawl Stone Soup version 0.19.1 (webtiles) character file.

115002 JeffiDaFish the Protected (level 16, -8/103 HPs)
             Began as a Gargoyle Fighter on Dec 18, 2016.
             Was the Champion of Makhleb.
             Mangled by a naga warrior
             ... wielding a +0 morningstar
              (13 damage)
             ... on level 3 of the Snake Pit.
             The game lasted 01:02:57 (21855 turns).

JeffiDaFish the Protected (Gargoyle Fighter)       Turns: 21855, Time: 01:02:58

Health: -8/103     AC: 37    Str: 23 (24) XL:     16   Next: 67%
Magic:  27/27      EV: 12    Int:  9      God:    Makhleb [******]
Gold:   1853       SH:  4    Dex: 12      Spells: 1 memorised, 31 levels left

rFire  . . .     SeeInvis .     I - +10 morningstar of Immorality {flame, rElec rC+ rN+}
rCold  + + .     Gourm    .     M - +0 plate armour {rC+}
rNeg   + + .     Faith    .     (no shield)
rPois  ∞         Spirit   .     l - +1 helmet
rElec  +         Reflect  +     k - +2 cloak
rCorr  .         Harm     .     b - +2 pair of gloves
MR     +....                    (no boots)
Stlth  ..........               p - +4 amulet of reflection
                                L - +2 ring of evasion
                                B - +5 ring of evasion

@: slowed, constricted, very slow
A: big wings, deterioration 1, low mp 1, negative energy resistance 1,
electricity resistance, unbreathing, petrification resistance, no device heal 1,
rot immunity, AC +11
a: Fly, Minor Destruction, Lesser Servant of Makhleb, Major Destruction, Greater
Servant of Makhleb, Renounce Religion


You were on level 3 of the Snake Pit.
You worshipped Makhleb.
Makhleb was exalted by your worship.
You were hungry.

You visited 4 branches of the dungeon, and saw 25 of its levels.
You also visited: Ice Cave.

You collected 1853 gold pieces.

Inventory:

Hand Weapons
 I - the +10 morningstar of Immorality (weapon) {flame, rElec rC+ rN+}
   (You found it on level 12 of the Dungeon)

   It has been specially enchanted to burn those struck by it, causing extra
   injury to most foes and up to half again as much damage against particularly
   susceptible opponents.
   It protects you from cold.
   It insulates you from electricity.
   It protects you from negative energy.
Armour
 b - a +2 pair of gloves (worn)
 k - a +2 cloak (worn)
 l - a +1 helmet (worn)
 M - a +0 plate armour of cold resistance (worn)
Jewellery
 p - a +4 amulet of reflection (around neck)
 B - a +5 ring of evasion (left hand)
 L - a +2 ring of evasion (right hand)
Scrolls
 e - 3 scrolls of fear
 h - 16 scrolls of remove curse
 i - 5 scrolls of identify
 r - 11 scrolls of teleportation
 x - 3 scrolls of blinking
 y - 9 scrolls of magic mapping
 C - a scroll of summoning
 E - 3 scrolls of enchant weapon
 H - 2 scrolls of recharging
Potions
 c - a potion of agility
 d - a potion of might
 g - 2 potions of flight
 m - 3 potions of haste
 n - 2 potions of brilliance
 t - 2 potions of heal wounds
 z - 4 potions of berserk rage
 A - 2 potions of curing
 D - a potion of resistance
 F - 2 potions of invisibility
 G - 3 potions of cancellation
 K - 2 potions of magic
Books
 q - the Handbook of the Snowflakes and Contamination
   (You found it on level 2 of the Snake Pit)

   Spells                             Type                      Level
   a - Throw Frost                    Conjuration/Ice              2
   b - Ozocubu's Armour               Charms/Ice                   3
   c - Throw Icicle                   Conjuration/Ice              4
   d - Venom Bolt                     Conjuration/Poison           5
   e - Freezing Cloud                 Conjuration/Ice/Air          6
 v - a book of Flames

   Spells                             Type                      Level
   a - Flame Tongue                   Conjuration/Fire             1
   b - Throw Flame                    Conjuration/Fire             2
   c - Conjure Flame                  Conjuration/Fire             3
   d - Inner Flame                    Hexes/Fire                   3
   e - Sticky Flame                   Conjuration/Fire             4
   f - Fireball                       Conjuration/Fire             5
Comestibles
 a - 8 beef jerkies
 f - 19 bread rations
 j - 8 meat rations
 o - a royal jelly
 u - 6 fruits
 w - 4 slices of pizza


   Skills:
 + Level 12.9 Fighting
   Level 8.8(10.6) Axes
 - Level 10.6(12.0) Maces & Flails
 + Level 13.2 Armour
 - Level 1.2 Dodging
 - Level 0.5 Stealth
   Level 10.3 Shields
 + Level 10.0 Spellcasting
 + Level 11.5 Conjurations
 + Level 10.7 Fire Magic


You had 31 spell levels left.
You knew the following spells:

 Your Spells              Type           Power        Failure   Level  Hunger
a - Sticky Flame          Conj/Fire      ###.....     17%         4    ####...


Dungeon Overview and Level Annotations

Branches:
Dungeon (15/15) Temple (1/1) D:7 Lair (6/6) D:10 Swamp (0/4) Lair:4 Snake (3/4) Lair:2 Slime (0/5) Lair:5 Orc (0/2) D:9 Vaults (0/5) D:13 D:14 Depths (0/5) D:15

Altars:
Ashenzari
Cheibriados
Dithmenos
Elyvilon
Fedhas
Gozag
Hepliaklqana
Kikubaaqudgha
Makhleb
Nemelex Xobeh
Okawaru
Qazlal
Ru
Sif Muna
Trog
Uskayaw
Vehumet
Xom
Yredelemnul
Zin
The Shining One

Shops:
D:11 =

Annotations:
Snake:3 chakram's ghost, adept OgHu


Innate Abilities, Weirdness & Mutations

You are resistant to torment.
Your stone body is resilient. (AC +11)
You are immune to poison.
Your large and strong wings let you fly indefinitely.
You resist negative energy. (rN+)
You are resistant to electric shocks. (rElec)
You can survive without breathing.
You are immune to petrification.
You are immune to rotting.
Your body sometimes deteriorates upon taking damage.
Your magical capacity is low. (-10% MP)
Potions and wands are less effective at restoring your health.


Message History

The guardian serpent coils itself and waves its upper body at you.
The bolt of poison hits you! You resist.
You closely miss the naga warrior.
The naga warrior is heavily wounded.
The guardian serpent hits you.
* * * LOW HITPOINT WARNING * * *
The guardian serpent barely misses you.
The guardian serpent hits you but does no damage.
The naga warrior hits you but does no damage.
The naga warrior constricts you. You block the naga's attack.
The guardian serpent hits you.
* * * LOW HITPOINT WARNING * * *
You puncture the naga warrior! You burn the naga warrior!
The naga warrior is severely wounded.
The guardian serpent hits you!
* * * LOW HITPOINT WARNING * * *
The guardian serpent closely misses you.
The guardian serpent hits you but does no damage.
The naga warrior hits you with a morningstar!
You die...

....... .......
....... ....%..
###.......
#.........
###..>.....(
#..NS)......
###.@S......
#...N..$...
....%........
#..............
............##.
............#
.............
.............#


You could see a naga warrior, 2 guardian serpents and a naga.

Vanquished Creatures
  Gastronok (Lair:3)
  Agnes (D:14)
  A frost giant (D:13)
  A nagaraja (Snake:3)
  5 naga warriors
  A rakshasa (D:13)
  2 ogre magi (D:15)
  7 hydras
  Erica (D:9)
  A death knight (D:15)
  2 anacondas (Snake:1)
  6 centaur warriors
  8 death yaks
  Urug (D:13)
  Sonja (D:13)
  4 shock serpents
  6 naga sharpshooters
  A salamander mystic (Snake:3)
  2 unseen horrors
  2 naga ritualists (Snake:1)
  A flayed ghost (D:11)
  2 wizards (D:15)
  A necromancer (IceCv)
  3 deep elf magi (D:15)
  4 mana vipers
  9 hill giants
  An orc knight (D:13)
  4 ugly things
  2 salamanders
  2 cyclopes (D:11)
  3 manticores
  A wolf spider (Lair:6)
  2 ice statues (IceCv)
  3 guardian serpents
  25 black mambas
  8 naga magi
  19 spiny frogs
  5 komodo dragons
  12 ice devils
  A freezing wraith (D:13)
  2 polar bears (Lair:6)
  6 two-headed ogres
  4 hornets
  2 trolls
  28 blink frogs
  16 hippogriffs
  2 shadows
  A spriggan (D:7)
  13 wyverns
  27 yaks
  4 redbacks (Lair:6)
  6 wraiths
  3 vampires
  A basilisk (Lair:3)
  3 fire bats (D:11)
  16 humans (D:13)
  2 hungry ghosts (D:11)
  Menkaure (D:4)
  A mottled dragon (D:15)
  Edmund (D:4)
  2 vampire mosquitoes (D:14)
  16 nagas
  14 water moccasins
  15 porcupines
  Duvessa (D:4)
  3 orc warriors
  3 sky beasts
  5 ice beasts
  A black bear (D:8)
  3 phantoms
  2 necrophages
  12 ogres
  10 centaurs
  10 crocodiles
  4 big kobolds
  A wyvern zombie (D:14)
  12 bullfrogs
  Dowan (D:4)
  A wyvern skeleton (D:12)
  3 scorpions
  A water moccasin zombie (D:4)
  25 killer bees
  2 howler monkeys
  A vampire bat (Lair:1)
  2 electric eels
  6 crimson imps
  4 centaur zombies
  9 hounds
  A quasit (D:5)
  2 bullfrog zombies
  5 centaur skeletons
  7 jellies
  7 orc priests
  10 orc wizards
  3 bullfrog skeletons
  5 iguanas
  Natasha (twice) (D:3)
  A spriggan simulacrum (IceCv)
  5 troll simulacra (IceCv)
  11 worker ants
  A centaur simulacrum (IceCv)
  2 hound zombies
  The ghost of Spectrina the Caller, a weakling DrSu (D:5)
  2 worker ant zombies (D:4)
  12 gnolls
  A howler monkey skeleton (D:10)
  25 adders
  2 naga simulacra (IceCv)
  A river rat (Lair:6)
  An ogre simulacrum (IceCv)
  2 shadow imps
  An ooze (D:7)
  An adder skeleton (D:4)
  3 adder zombies
  4 worms
  4 leopard geckos
  55 orcs
  23 bats
  6 giant cockroaches
  4 goblins
  8 hobgoblins
  11 jackals
  25 kobolds
  A quokka (D:2)
  4 frilled lizards
  2 jackal zombies (D:4)
  A leopard gecko zombie (D:4)
  A quokka skeleton (D:9)
  2 quokka zombies (D:4)
  4 rats
  2 fungi
  10 plants
751 creatures vanquished.

Vanquished Creatures (others)
  Vashnia (Snake:2)
  Nessos (Lair:6)
  A black mamba (Snake:3)
  A water moccasin (Lair:3)
  A jelly (D:14)
  7 fungi
  3 plants (Lair:6)
15 creatures vanquished.

Grand Total: 766 creatures vanquished

Notes
Turn   | Place    | Note
-------+----------+-------------------------------------------
     0 | D:1      | JeffiDaFish the Gargoyle Fighter began the quest for the Orb.
     0 | D:1      | Reached XP level 1. HP: 14/14 MP: 1/1
   231 | D:1      | Reached XP level 2. HP: 19/19 MP: 2/2
   481 | D:1      | Reached XP level 3. HP: 23/23 MP: 3/3
   855 | D:2      | Reached XP level 4. HP: 29/29 MP: 4/4
  1554 | D:3      | Reached skill level 4 in Armour
  1554 | D:3      | Reached XP level 5. HP: 22/33 MP: 5/5
  1637 | D:3      | Found a shadowy altar of Dithmenos.
  1671 | D:3      | Noticed Natasha
  1673 | D:3      | Killed Natasha
  1953 | D:3      | Noticed Natasha
  1965 | D:3      | Killed Natasha
  1965 | D:3      | Reached XP level 6. HP: 16/39 MP: 6/6
  2286 | D:4      | Reached skill level 5 in Shields
  2289 | D:4      | Reached XP level 7. HP: 36/44 MP: 7/7
  2379 | D:4      | Noticed Dowan
  2380 | D:4      | Noticed Duvessa
  2388 | D:4      | Killed Duvessa
  2388 | D:4      | Reached skill level 5 in Maces & Flails
  2408 | D:4      | Killed Dowan
  2775 | D:4      | Reached skill level 5 in Armour
  2775 | D:4      | Reached skill level 1 in Dodging
  2799 | D:4      | Noticed Edmund
  2800 | D:4      | Noticed Menkaure
  2811 | D:4      | Killed Edmund
  2811 | D:4      | Reached skill level 5 in Fighting
  2811 | D:4      | Reached XP level 8. HP: 36/49 MP: 8/8
  2819 | D:4      | Killed Menkaure
  3005 | D:5      | Entered Level 5 of the Dungeon
  3314 | D:5      | Noticed Spectrina's ghost (weakling DrSu)
  3332 | D:5      | Killed Spectrina's ghost
  3694 | D:5      | Reached XP level 9. HP: 45/54 MP: 9/9
  3707 | D:5      | Reached skill level 6 in Armour
  4051 | D:6      | Learned a level 4 spell: Sticky Flame
  4600 | D:7      | Found a staircase to the Ecumenical Temple.
  4610 | Temple   | Entered the Ecumenical Temple
  4781 | Temple   | Became a worshipper of Makhleb the Destroyer
  4807 | D:7      | Reached skill level 1 in Conjurations
  5154 | D:7      | Reached skill level 1 in Spellcasting
  5154 | D:7      | Reached skill level 1 in Fire Magic
  5305 | D:8      | Reached skill level 7 in Armour
  5640 | D:8      | Reached XP level 10. HP: 34/61 MP: 12/12
  5731 | D:8      | You fall through a shaft for 2 floors!
  5731 | D:10     | Entered Level 10 of the Dungeon
  5829 | D:9      | Reached * piety under Makhleb
  6015 | D:9      | Killed an unseen horror
  6145 | D:9      | Reached skill level 8 in Armour
  6197 | D:9      | Reached ** piety under Makhleb
  6392 | D:9      | Found a staircase to the Orcish Mines.
  6509 | D:9      | Noticed Erica
  6528 | D:9      | Killed Erica
  6665 | D:9      | Found a glowing silver altar of Zin.
  6676 | D:9      | Reached XP level 11. HP: 65/68 MP: 15/15
  6953 | D:10     | Found a staircase to the Lair.
  7008 | D:10     | Reached *** piety under Makhleb
  7283 | D:10     | Gained mutation: Your magical capacity is low. (-10% MP) [potion of mutation]
  7283 | D:10     | Gained mutation: Potions and wands are less effective at restoring your health. [potion of mutation]
  7283 | D:10     | Gained mutation: Your body sometimes deteriorates upon taking damage. [potion of mutation]
  7492 | D:10     | Noticed a manticore
  7506 | D:10     | Killed a manticore
  7737 | Lair:1   | Entered Level 1 of the Lair of Beasts
  7747 | Lair:1   | Reached skill level 9 in Armour
  7914 | Lair:1   | Noticed a seven-headed hydra
  7925 | Lair:1   | Killed a seven-headed hydra
  8175 | Lair:1   | Reached skill level 10 in Maces & Flails
  8774 | Lair:2   | Reached **** piety under Makhleb
  8832 | Lair:2   | Found a frozen archway.
  8836 | Lair:2   | Reached XP level 12. HP: 76/76 MP: 14/15
  8847 | Lair:2   | Learned a level 1 spell: Flame Tongue
  8854 | Lair:2   | Noticed a six-headed hydra
  8888 | Lair:2   | Killed a six-headed hydra
  8888 | Lair:2   | Reached skill level 10 in Shields
  8888 | Lair:2   | Reached skill level 5 in Conjurations
  9051 | IceCv    | Entered an ice cave
  9086 | IceCv    | HP: 3/76 [ice devil (25)]
  9794 | IceCv    | Reached skill level 10 in Armour
  9949 | IceCv    | Got a slimy battleaxe
  9950 | IceCv    | Identified the +6 battleaxe of Cilil {drain, SInv} (You found it in an ice cave)
  9953 | IceCv    | Identified the +6 trident of the Undead {flame, rElec} (You found it in an ice cave)
  9964 | IceCv    | Identified the +6 quarterstaff "Duatec" {freeze, Int+3} (You found it in an ice cave)
 10251 | Lair:2   | Found a staircase to the Snake Pit.
 10502 | Lair:2   | Reached skill level 1 in Axes
 10621 | Lair:3   | Noticed Gastronok
 10632 | Lair:3   | Killed Gastronok
 10632 | Lair:3   | Reached skill level 5 in Fire Magic
 10718 | Lair:3   | Reached skill level 5 in Spellcasting
 11000 | Lair:3   | Noticed a seven-headed hydra
 11015 | Lair:3   | Killed a seven-headed hydra
 11015 | Lair:3   | Reached XP level 13. HP: 48/80 MP: 17/18
 11438 | Lair:4   | Reached skill level 5 in Axes
 11700 | Lair:4   | Found a staircase to the Swamp.
 12304 | Lair:5   | Found a staircase to the Slime Pits.
 12441 | Lair:5   | Reached ***** piety under Makhleb
 12922 | Lair:6   | Entered Level 6 of the Lair of Beasts
 12958 | Lair:6   | Reached skill level 10 in Fighting
 13210 | Lair:6   | Noticed Nessos
 13223 | Lair:6   | Gained mutation: Your large and strong wings let you fly indefinitely. [Gargoyle growth]
 13223 | Lair:6   | Reached XP level 14. HP: 80/88 MP: 21/21
 13233 | Lair:6   | Killed Nessos
 13587 | Lair:6   | Reached skill level 11 in Armour
 14393 | D:11     | Reached ****** piety under Makhleb
 14677 | D:11     | Found Reanapn's Jewellery Shop.
 14835 | D:11     | Found a shattered altar of Ashenzari.
 14882 | D:11     | Found a burning altar of Makhleb.
 14889 | D:11     | Found a runed door.
 14891 | D:11     | Found a snail-covered altar of Cheibriados.
 14900 | D:11     | Found an ancient bone altar of Kikubaaqudgha.
 14998 | D:11     | Found a bloodstained altar of Trog.
 15019 | D:11     | Found a burning altar of Makhleb.
 15684 | D:12     | Got a smoking morningstar
 15685 | D:12     | Identified the +10 morningstar of Immorality {flame, rElec rC+ rN+} (You found it on level 12 of the Dungeon)
 16069 | D:13     | Noticed Sonja
 16456 | D:13     | Noticed Urug
 16468 | D:13     | Killed Urug
 16517 | D:13     | Reached XP level 15. HP: 94/94 MP: 24/24
 16572 | D:13     | Noticed a frost giant
 16584 | D:13     | Killed a frost giant
 16629 | D:13     | Killed Sonja
 17280 | D:14     | Found a gate to the Vaults.
 17542 | D:14     | Noticed Agnes
 17556 | D:14     | Killed Agnes
 17556 | D:14     | Reached skill level 12 in Armour
 17798 | D:14     | Found a hazy altar of Hepliaklqana.
 18423 | D:14     | Reached skill level 10 in Conjurations
 18594 | D:15     | Entered Level 15 of the Dungeon
 18653 | D:15     | Found a staircase to the Depths.
 19676 | Snake:1  | Entered Level 1 of the Snake Pit
 19817 | Snake:1  | Reached XP level 16. HP: 98/101 MP: 7/26
 19909 | Snake:1  | Reached skill level 10 in Fire Magic
 20601 | Snake:2  | Noticed Vashnia
 20619 | Snake:2  | Killed Vashnia
 20667 | Snake:2  | Reached skill level 13 in Armour
 21052 | Snake:2  | Identified the Handbook of the Snowflakes and Contamination
 21159 | Snake:2  | Found a deep blue altar of Sif Muna.
 21471 | Snake:3  | Noticed chakram's ghost (adept OgHu)
 21831 | Snake:3  | Noticed a nagaraja
 21837 | Snake:3  | Killed a nagaraja
 21837 | Snake:3  | Reached skill level 10 in Spellcasting
 21855 | Snake:3  | HP: 5/103 [guardian serpent (11)]
 21855 | Snake:3  | Mangled by a naga warrior

Skill      XL: |  1  2  3  4  5  6  7  8  9 10 11 12 13 14 15 16 |
---------------+-------------------------------------------------+-----
Shields        | 4 5 6 7 8 9 10 | 10.3
Maces & Flails | 3 4 6 7 8 9 10 | 10.6
Armour         | 4 5 7 8 9 10 11 12 13 | 13.2
Fighting       | 4 5 6 7 9 10 11 12 | 12.9
Dodging        | 1 |  1.2
Conjurations   | 2 3 4 6 7 9 10 11 | 11.5
Spellcasting   | 1 2 3 5 6 7 9 10 | 10.0
Fire Magic     | 1 2 4 5 7 8 9 10 | 10.7
Axes           | 4 7 8 |  8.8
Stealth        | |  0.5

Action                   |  1- 3 |  4- 6 |  7- 9 | 10-12 | 13-15 | 16-18 || total
-------------------------+-------+-------+-------+-------+-------+-------++-------
Melee: Flail             |    12 |       |   293 |   700 |     9 |       ||  1014
       Whip              |    62 |   188 |   104 |       |       |       ||   354
       Battleaxe         |       |       |       |    97 |   684 |       ||   781
       Morningstar       |       |       |       |       |   495 |   301 ||   796
 Cast: Flame Tongue      |       |       |       |       |     2 |       ||     2
  Use: Scroll            |     4 |     5 |     7 |    11 |    10 |     3 ||    40
       Potion            |     4 |       |     5 |     8 |     5 |     2 ||    24
 Stab: Distracted        |       |       |       |       |     1 |       ||     1
  Eat: Chunk             |       |     5 |    11 |    15 |    27 |     2 ||    60
       Fruit             |       |       |       |     2 |     1 |     1 ||     4
       Royal jelly       |       |       |       |     1 |       |     2 ||     3
       Meat ration       |       |       |       |       |     1 |       ||     1
Armor: Scale mail        |    33 |    30 |       |       |       |       ||    63
       Chain mail        |       |    90 |   218 |       |       |       ||   308
       Plate armour      |       |       |       |   705 |  1318 |   228 ||  2251
Dodge: Dodged            |    30 |    45 |    93 |   217 |   551 |   170 ||  1106
Block: Shield            |    35 |    92 |   199 |   585 |       |       ||   911
       Reflection        |       |       |       |     3 |    10 |     7 ||    20
       Other             |       |       |       |    24 |   275 |    54 ||   353
